← All builds
Pond / Armada / Economy first / OBSERVED BUILD

Fatboy buy

Armada Pond build order · Supreme Isthmus

Pond funds Tech to produce a Fatboy from 5:04 and gets it delivered by Hephaestus to push the front early.

#team support #push · 458 distinct matches · 112 players · 25% of Armada Pond games · team won 48% of 495 · Recently observed

THE CATCH, AND WHAT COMES WITH IT
  • FatboyFatboy from Tech arrives 5:04 · 21% of role by thenTech makes it and hands it over.
  • HephaestusHeavy transport from an ally in 80%21% of all Pond games by then

Paid for by sending allies about 1,100 metal and 13,000 energy by 5:00; standard pond sends 0 metal and 9,000 energy.

Where those units first fight, in 465 games with kill data: in the middle 86%, on their own side 14%.

Those units destroy a typical 2,935 metal of enemy units by 15:00.

Then transitions into tick (31% of army), pawn (15% of army).

HOW TO PLAY IT

Key timing: Fatboy to front by 5:02

  1. Open tidals and mex, add wind as usual Pond eco.
  2. Grab a heavy transport from air to fly it forward.
  3. Send Tech heavy metal and energy to buy a Fatboy.
  4. Get Fatboy handed over from Tech's factory for front.
  5. Fight in middle with Fatboy, then return to normal Tick and Pawn lab output.

Phase by phase

TYPICAL OF ITS 458 GAMES · AGAINST STANDARD POND
  1. 1
  2. 2
PLAY THE OPENING

Follow the example game's first 6:05 step by step: what to build now, what comes next, and where it goes. At 1× it keeps pace with your own game.

  1. 1

    Up to the Bot Lab

    Economy
    • Metal Extractor4Mex
    • Wind Turbine10Wind
    • Tidal Generator8Tidalfor allies
    • Tidal Generator1Tidal
    • Energy Converter2Converter
    • Energy Storage1Energy storage
    Order
    1. Bot LabBot Lab after 4 mex, 11 wind, 2 converterdone ~5:55, middle half 4:53–6:59

    The standard build makes here, this one skips: 2 con bot

    By 5:27 in all: 4 mex · 10 wind · 1 tidal · 2 converter · 1 energy storage

    The example game in this phase · 10 steps
    1. Tidal ×8for Suicide front
    2. Tidal
    3. Mex ×4
    4. Wind ×2
    5. Energy storage
    6. Wind ×5
    7. Converter ×4
    8. Wind ×2
    9. Converter
    10. Bot LabBot Labdone 4:42 · typical 5:55
  2. 2

    Bot Lab to 10:00

    Economy
    • Wind Turbine7Wind−20 vs standard
    Builders
    • Construction Turret1 Con turret
    • Construction Bot2 Con bot +2 vs standard
    Army
    • Tick6 Tick +6 vs standard

    Some games also: Lazarus (45%) · converter (34%) · eat Bot Lab (37%)

    The standard build makes here, this one skips: 6 converter

    By 10:00 in all: 4 mex · 22 wind (standard 38) · 1 tidal · 4 converter (standard 9) · 1 energy storage · 2 con turret

    The example game in this phase · 128 steps
    1. LazarusLazarus
    2. Construction BotCon botfor Geo sea
    3. Construction BotCon bot ×2
    4. CrossbowCrossbow ×2
    5. Con turret ×2
    6. TickTick ×4
    7. Wind
    8. TickTick
    9. Wind
    10. TickTick ×2
    11. Wind
    12. TickTick
    13. Wind
    14. TickTick ×2
    15. Wind
    16. TickTick
    17. Wind
    18. TickTick ×3
    19. Wind
    20. TickTick
    21. Wind
    22. TickTick ×2
    23. Wind
    24. TickTick
    25. Wind
    26. TickTick
    27. SentrySentry
    28. TickTick
    29. Wind
    30. TickTick ×2
    31. Wind
    32. TickTick ×2
    33. Wind
    34. TickTick ×2
    35. Wind
    36. TickTick
    37. LazarusLazarus
    38. Wind
    39. TickTick ×3
    40. Wind
    41. LazarusLazarus
    42. SentrySentry
    43. Wind
    44. TickTick
    45. Wind
    46. TickTick
    47. Wind
    48. TickTick
    49. Wind
    50. TickTick
    51. Mex
    52. Wind
    53. TickTick
    54. Wind
    55. TickTick ×2
    56. Wind
    57. TickTick
    58. Wind
    59. TickTick ×2
    60. SentrySentry
    61. TickTick ×2
    62. Wind
    63. TickTick
    64. SentrySentry
    65. Wind
    66. TickTick ×3
    67. Con turret
    68. TickTick ×3
    69. Wind
    70. TickTick
    71. LazarusLazarus
    72. Converter
    73. Wind
    74. Converter
    75. TickTick
    76. Wind
    77. Converter
    78. TickTick
    79. Converter
    80. TickTick
    81. Converter
    82. TickTick
    83. Advanced Metal ExtractorT2 mexdone 10:48 · typical 9:52
    84. Wind
    85. Converter
    86. TickTick
    87. Advanced Metal ExtractorT2 mexfor Geo sea
    88. Converter
    89. TickTick ×2
    90. Converter
    91. Wind
    92. TickTick
    93. Converter
    94. TickTick
    95. Wind
    96. LazarusLazarus
    97. Wind ×2
    98. TickTick ×2
    99. Advanced Metal ExtractorT2 mex
    100. TickTick ×4
    101. ChainsawChainsaw ×2
    102. TickTick ×2
    103. Advanced Metal ExtractorT2 mex
    104. TickTick
    105. ChainsawChainsaw
    106. TickTick ×6
    107. Advanced Metal ExtractorT2 mex
    108. TickTick ×8
    109. Construction BotCon bot ×2
    110. TickTick
    111. Mex
    112. TickTick ×2
    113. Energy storage
    114. TickTick ×9
    115. Advanced Metal ExtractorT2 mex
    116. TickTick ×10
    117. PawnPawn ×6
    118. Fusion ReactorFusionnot finished by 15:00
    119. PawnPawn ×6
    120. Metal storage
    121. Con turret
    122. PawnPawn
    123. Con turret
    124. PawnPawn
    125. Con turret
    126. PawnPawn ×2
    127. Con turret
    128. PawnPawn ×9

Counts are medians over the build's games: half of them build more, half fewer. The example game is Teaner's (52 OS, 12/10/2026); pick another.

Team trades

IN AT LEAST 30% OF ITS GAMES

You hand over

  • Tidal Generator8 Tidal to Suicide front or Frontfirst at 0:10 · in 97% of games

You get

  • Hephaestus1 Heavy transport from Air or Techfirst at 4:50 · in 82% of games
  • Fatboy1 Fatboy from Techfirst at 5:05 · in 100% of games
  • Advanced Construction Bot1 T2 con bot from Techfirst at 8:14 · in 96% of games

How it plays out

Typical game of this build against the role’s standard build, running totals by minute

  • This build
  • Standard pond

Metal produced

010k20k30k
0:005:0010:0015:00

metal

Enemy metal destroyed

02k4k6k
0:005:0010:0015:00

metal

Own metal lost

02k4k
0:005:0010:0015:00

metal

Metal sent to allies

01k2k
0:005:0010:0015:00

metal

Energy sent to allies

020k40k60k
0:005:0010:0015:00

metal

495 games.

Show as table
ByMetal produced: This buildMetal produced: Standard pondEnemy metal destroyed: This buildEnemy metal destroyed: Standard pondOwn metal lost: This buildOwn metal lost: Standard pondMetal sent to allies: This buildMetal sent to allies: Standard pondEnergy sent to allies: This buildEnergy sent to allies: Standard pond
1:0011511500000012901282
2:0026826800000026072781
3:0080879900000039884436
4:00148814730000404064796138
5:0022212185000011101131068989
6:0029792995000013892321826812657
7:0038153910360210014724372139315669
8:0047054948126017018911715674632425019216
9:0056626223205837946231616164682655221289
10:0067957705297561194555216504902926123110
11:00824596453514842145185517325183072026170
12:00992412052390011691874128917515243257827931
13:001217514538440815532330187618006263529930525
14:001451817427487421342925253518586653864831558
15:001708120188534625993501324919297084217732681
WHAT THE NUMBERS SAY

Same win rate as the standard build but destroys far more enemy metal by 15:00 at the cost of much higher own metal production lost.

  • + Destroys 5806 enemy metal by 15:00 vs 2962 standard.
  • + Reclaims Bot Lab in 39% of games to recoup metal.
  • − Own metal lost roughly doubles by 10:00 (988 vs 440).
  • − Metal production falls behind standard by 15:00 (17452 vs 20971).
THE EXAMPLE YOU ARE READING

Teaner

51.7 OS · 12/10/2026

Open source match ↗

26 received units · includes a constructor
121 metal received · 113175 energy received

Allied construction assistance is unknown. Timings are observations, not a promise of solo reproducibility.

Typical milestones

Bot Lab5:55Middle 50%: 4:53–6:59 · n=442
Advanced Metal Extractor9:52Middle 50%: 9:06–10:35 · n=468

Played most by

Teaner43games of this buildHummell20games of this buildDRM17games of this build_X_17games of this build[Grump]Grumpiness16games of this build